 Dungeon Crawl Stone Soup version 0.28.0-53-g5a82cb258f (webtiles) character file.

Game seed: 13815196363847559419

1 Descartes the Ducker (level 1, -1/10 HPs)
             Began as a Deep Elf Wanderer on July 21, 2022.
             Frozen to death by an endoplasm (2 damage)
             ... on level 1 of the Dungeon.
             The game lasted 00:00:42 (241 turns).

Descartes the Ducker (Deep Elf Wanderer)             Turns: 241, Time: 00:00:42

Health: -1/10      AC:  3    Str:  6    XL:     1   Next: 16%
Magic:  5/5        EV: 13    Int: 16    God:
Gold:   0          SH:  4    Dex: 17    Spells: 1/3 levels left

rFire   . . .      SeeInvis .   a - +0 dagger
rCold   . . .      Faith    .   c - +0 buckler
rNeg    + . .      Spirit   .   d - +0 leather armour
rPois   .          Reflect  .   (no helmet)
rElec   .          Harm     .   (no cloak)
rCorr   .          Rampage  .   (no gloves)
Will    .....                   (no boots)
Stlth   ++........              (no amulet)
HPRegen 0.03/turn               e - ring of positive energy
MPRegen 0.09/turn               (no ring)

@: no status effects
A: no striking features
a: no special abilities


You were on level 1 of the Dungeon.
You visited 1 branch of the dungeon, and saw 1 of its levels.

Inventory:

Hand Weapons
 a - a +0 dagger (weapon)
Missiles
 b - 3 throwing nets (quivered)
Armour
 c - a +0 buckler (worn)
 d - a +0 leather armour (worn)
Jewellery
 e - a ring of positive energy (left hand)


   Skills:
 + Level 6.0 Dodging
 + Level 1.3 Stealth
 + Level 1.0 Shields
 + Level 1.6 Spellcasting
 * Level 0.0 Conjurations
 - Level 2.1 Summonings
 * Level 0.0 Air Magic


You had one spell level left.
You knew the following spells:

 Your Spells              Type           Power      Damage    Failure   Level
a - Summon Small Mammal   Summ           32%        N/A       19%         1
b - Shock                 Conj/Air       4%         1d3       43%         1

Your spell library contained the following spells:

 Spells                   Type           Power      Damage    Failure   Level
 Summon Guardian Golem    Hex/Summ       4%         N/A       65%         3
 Swiftness                Air            1%         N/A       80%         3
 Airstrike                Air            0%         N/A       99%         4


Dungeon Overview and Level Annotations

Branches:
Dungeon (1/15)

Altars:


Message History

e - a ring of positive energy A ball python comes into view.
e - a ring of positive energy (left hand)
The ball python hisses angrily.
A ball python is nearby!
The ball python closely misses you. The ball python grabs you.
The ball python constricts you. The ball python bites you.
The ball python constricts you.
You closely miss the ball python. The ball python bites you.
The ball python constricts you.
You are too injured to fight recklessly!
You are too injured to fight recklessly!
You hit the ball python.
You kill the ball python!
Memorise Shock, consuming 1 spell level and leaving 1?
You start memorising the spell.
You continue memorising.
You finish memorising.
Spell assigned to 'b'.
An endoplasm comes into view.
The endoplasm quivers.
Found a faded altar of an unknown god.
Found a stone staircase leading down.
You hit the endoplasm.
The endoplasm is moderately wounded.
The endoplasm freezes you.
You are frozen.
You hit the endoplasm.
The endoplasm is severely wounded.
The endoplasm freezes you.
You are frozen.
Ouch! That really hurt!
* * * LOW HITPOINT WARNING * * *
You are too injured to fight recklessly!
You hit the endoplasm but do no damage.
The endoplasm is severely wounded.
The endoplasm completely misses you.
You hit the endoplasm but do no damage.
The endoplasm is severely wounded.
The endoplasm freezes you.
You are frozen.
You die...

#.>.........
####.............
..................
..................#
..................#
.................###
.....................
......J@#.............
......................
......................
.......#..............
.##...................
#...........[.......
.....#...............
.....#.#.............
_.............#.....#


You could see an endoplasm.

Vanquished Creatures
  A ball python (D:1)
  A rat (D:1)
2 creatures vanquished.

Notes
Turn   | Place    | Note
-------+----------+-------------------------------------------
     0 | D:1      | Descartes the Deep Elf Wanderer began the quest for the
                  | Orb.
     0 | D:1      | Descartes set off with the following items: a +0 dagger, 3
                  | throwing nets, a +0 buckler, a +0 leather armour; and the
                  | following spell memorised: Summon Small Mammal; and the
                  | following spells available to memorise: Summon Guardian
                  | Golem
     0 | D:1      | Reached XP level 1. HP: 10/10 MP: 5/5
    86 | D:1      | Learned a level 1 spell: Shock
   236 | D:1      | Found a faded altar of an unknown god.
   241 | D:1      | Frozen to death by an endoplasm

Illustrated notes

Levels and vault maps discovered:
D:1:      nicolae_arrival_memento_mori, layout_rooms,
          dreamdust_ecumenical_altar_statues

Action                   || total
-------------------------++-------
Melee: Dagger            ||    11
Dodge: Dodged            ||     4
Block: Buckler           ||     1
